 Dungeon Crawl Stone Soup version 0.25.1-2-g60ff931df9 (webtiles) character file.

Game seed: 11788796313851994496

8456 RUZZLEFAZAZZLE the Grappler (level 11, 0/163 HPs)
             Began as a Troll Monk on Sept 2, 2020.
             Was a High Priest of Okawaru.
             Slain by a blink frog (7 damage)
             ... on level 1 of the Lair of Beasts.
             The game lasted 00:28:45 (9589 turns).

RUZZLEFAZAZZLE the Grappler (Troll Monk)            Turns: 9589, Time: 00:28:46

Health: 0/163      AC: 25    Str: 24    XL:     11   Next: 10%
Magic:  0/13       EV:  1    Int:  6    God:    Okawaru [*****.]
Gold:   337        SH:  0    Dex: 12    Spells: 10/10 levels left

rFire    + . .     SeeInvis .     - Unarmed
rCold    x . .     Gourm    +   (no shield)
rNeg     + + +     Faith    .   (armour currently unavailable)
rPois    +         Spirit   +   (helmet currently unavailable)
rElec    .         Reflect  .   (cloak currently unavailable)
rCorr    .         Harm     .   (gloves unavailable)
MR       .....     NoTele   +   (boots unavailable)
Stlth    ++........             l - amulet of guardian spirit
HPRegen  0.77/turn              i - ring of poison resistance
MPRegen  0.13/turn              u - ring of fire

@: tree-form
A: large, unfitting armour, fast metabolism 3, gourmand, regeneration 1,
MP-powered wands
a: Heroism, Finesse, Renounce Religion


You were on level 1 of the Lair of Beasts.
You worshipped Okawaru.
Okawaru was extremely pleased with you.
You were very full.
You were a tree.
You visited 3 branches of the dungeon, and saw 13 of its levels.

You collected 503 gold pieces.
You spent 166 gold pieces at shops.

Inventory:

Hand Weapons
 f - a +5 flail of holy wrath
Armour
 j - a +1 cloak (melded)
 o - the +8 tower shield "Etyejuj" {Harm +Fly rF+ SInv}
   (Okawaru gifted it to you on level 10 of the Dungeon)

   It protects you from fire.
   It lets you see invisible.
   It lets you fly.
   It increases damage dealt and taken.
 t - a +0 troll leather armour (melded)
Jewellery
 i - a ring of poison resistance (left branch)
 l - an amulet of guardian spirit (around neck)
 n - an uncursed ring of teleportation
 u - a ring of fire (right branch)
Wands
 e - a wand of paralysis (4)
 m - a wand of iceblast (9)
Scrolls
 c - a scroll of amnesia
 d - 12 scrolls of identify
 h - a scroll of teleportation
 k - 2 scrolls of blinking
 q - a scroll of enchant armour
 r - 2 scrolls of enchant weapon
 s - a scroll of immolation {unknown}
Potions
 g - 2 potions of brilliance
 p - a potion of lignification
Miscellaneous
 a - a phial of floods
Comestibles
 b - 20 rations


   Skills:
 + Level 7.3 Fighting
 + Level 6.7 Armour
 + Level 7.3 Dodging
 - Level 1.0 Stealth
 + Level 8.8 Unarmed Combat
 + Level 5.1 Invocations


You had 10 spell levels left.
You didn't know any spells.
Your spell library contained the following spells:

 Spells                   Type           Power        Failure   Level  Hunger
 Corona                   Hex            #......      45%         1    ##.....
 Magic Dart               Conj           #...         45%         1    ##.....
 Sting                    Tmut/Pois      #...         45%         1    ##.....
 Poisonous Vapours        Pois/Air       #.....       58%         2    ###....
 Searing Ray              Conj           #.....       58%         2    ###....
 Slow                     Hex            #.......     58%         2    ###....
 Confusing Touch          Hex            #.......     83%         3    ####...
 Dazzling Flash           Conj/Hex       #.....       83%         3    ####...
 Gell's Gravitas          Tloc           #.........   83%         3    ####...
 Ignite Poison            Fire/Tmut/Pois #.......     83%         3    ####...
 Inner Flame              Hex/Fire       #.......     83%         3    ####...
 Mephitic Cloud           Conj/Pois/Air  #.......     83%         3    ####...
 Portal Projectile        Hex/Tloc       #.....       83%         3    ####...
 Cause Fear               Hex            #.........   99%         4    #####..
 Fulminant Prism          Conj/Hex       #.........   99%         4    #####..
 Iskenderun's Mystic Bla  Conj/Tloc      #.......     99%         4    #####..
 Leda's Liquefaction      Hex/Erth       #.........   99%         4    #####..
 Olgreb's Toxic Radiance  Pois           #.......     99%         4    #####..
 Petrify                  Tmut/Erth      #.......     99%         4    #####..
 Metabolic Englaciation   Hex/Ice        #.........   100%        5    ######.
 Yara's Violent Unravell  Hex/Tmut       #.........   100%        5    ######.


Dungeon Overview and Level Annotations

Branches:
Dungeon (11/15)            Temple (1/1) D:7            Lair (1/6) D:10
    Orc: D:9-12

Altars:
Ashenzari
Cheibriados
Dithmenos
Elyvilon
Fedhas
Gozag
Hepliaklqana
Kikubaaqudgha
Makhleb
Nemelex Xobeh
Okawaru
Qazlal
Ru
Sif Muna
Trog
Uskayaw
Vehumet
Wu Jian
Xom
Yredelemnul
Zin
The Shining One

Shops:
D:4 !   D:6 (   D:9 [


Innate Abilities, Weirdness & Mutations

You are too large for most types of armour.
((You have claws for hands.))
Your metabolism is lightning-fast.
You like to eat raw meat.
Your natural rate of healing is unusually fast.
((You are covered in fur. (AC +1)))
((You have extremely tough skin. (AC +3)))
((Your flesh is heat resistant. (rF+)))
((You are resistant to electric shocks. (rElec)))
You expend magic power (3 MP) to strengthen your wands.


Message History

The blink frog hits you but does no damage.
The blink frog blinks!
You pummel the blink frog!!
You kill the blink frog!
Okawaru accepts your kill.
The blink frog hits you but does no damage.
The blink frog blinks!
The blink frog hits you but does no damage.
Keep equipping yourself?
The blink frog hits you but does no damage.
You start putting on your armour.
You continue putting on the +8 tower shield "Etyejuj" {Harm +Fly rF+ SInv}.
The blink frog blinks! x2
You continue putting on the +8 tower shield "Etyejuj" {Harm +Fly rF+ SInv}.
The blink frog hits you but does no damage.
You continue putting on the +8 tower shield "Etyejuj" {Harm +Fly rF+ SInv}.
The blink frog hits you but does no damage.
You continue putting on the +8 tower shield "Etyejuj" {Harm +Fly rF+ SInv}.
The blink frog blinks!
The blink frog hits you!
You die...

..... .... ... §.#
### ..#
####.##.F##
###...F.....###
#....♣§.......#
##....#F...S....#
##....#.###.##....
##....#### ## k..
#....## . #...##
#...# ##...#
#....#


You could see 3 blink frogs and a water moccasin (wandering).

Vanquished Creatures
  2 two-headed ogres (D:9)
  An ugly thing (D:11)
  A gargoyle (D:6)
  A rime drake (Lair:1)
  A troll (D:9)
  Prince Ribbit (D:5)
  3 hippogriffs
  2 blink frogs (Lair:1)
  A wraith (D:10)
  A wyvern (D:9)
  Edmund (D:4)
  6 ice beasts
  A black bear (D:6)
  A sky beast (D:5)
  2 orc warriors (D:8)
  5 centaurs
  2 phantoms (D:6)
  5 ogres
  3 bullfrogs
  A gnoll sergeant (D:8)
  3 scorpions
  A wyvern skeleton (D:10)
  5 wights (D:7)
  6 killer bees (D:8)
  2 howler monkeys
  A lava snake (D:7)
  4 crimson imps
  2 quasits
  2 hounds
  3 bullfrog zombies
  11 orc priests
  A bullfrog skeleton (D:6)
  8 orc wizards
  5 iguanas
  6 worker ants
  A hound zombie (D:5)
  A worker ant zombie (D:7)
  11 gnolls
  13 adders
  A shadow imp (D:5)
  2 oozes
  An adder skeleton (D:4)
  A worm (D:2)
  2 dart slugs (D:2)
  5 leopard geckos
  36 orcs
  A ball python (D:4)
  3 giant cockroaches
  6 hobgoblins
  6 jackals
  8 kobolds
  6 quokkas
  11 bats
  4 frilled lizards
  7 goblins
  A quokka zombie (D:9)
  5 rats
233 creatures vanquished.

Vanquished Creatures (others)
  An orc wizard (D:8)
  A bat (D:2)
2 creatures vanquished.

Grand Total: 235 creatures vanquished

Notes
Turn   | Place    | Note
-------+----------+-------------------------------------------
     0 | D:1      | RUZZLEFAZAZZLE the Troll Monk began the quest for the Orb.
     0 | D:1      | Reached XP level 1. HP: 22/22 MP: 0/0
   325 | D:1      | Reached XP level 2. HP: 29/29 MP: 1/1
   751 | D:1      | Reached XP level 3. HP: 36/36 MP: 2/2
   891 | D:2      | Found a white marble altar of Elyvilon.
   898 | D:2      | Reached skill level 1 in Armour
  1336 | D:2      | Reached XP level 4. HP: 44/44 MP: 3/3
  1561 | D:3      | Found a radiant altar of Vehumet.
  1754 | D:3      | Gained mutation: You expend magic power (3 MP) to
                  | strengthen your wands. [potion of mutation]
  1754 | D:3      | Gained mutation: You are resistant to electric shocks.
                  | (rElec) [potion of mutation]
  1754 | D:3      | Gained mutation: Your flesh is heat resistant. (rF+)
                  | [potion of mutation]
  1820 | D:3      | Reached XP level 5. HP: 35/53 MP: 4/4
  1962 | D:3      | Noticed an ogre
  1976 | D:3      | Killed an ogre
  1976 | D:3      | Reached skill level 4 in Unarmed Combat
  2088 | D:3      | HP: 2/53 [orc priest/divine providence (14)]
  2092 | D:3      | Reached XP level 6. HP: 24/61 MP: 5/5
  2509 | D:3      | Reached XP level 7. HP: 52/68 MP: 6/6
  2743 | D:4      | Noticed Edmund
  2756 | D:4      | Killed Edmund
  2756 | D:4      | Reached skill level 5 in Unarmed Combat
  2815 | D:5      | Entered Level 5 of the Dungeon
  2972 | D:4      | Found a shadowy altar of Dithmenos.
  3032 | D:4      | Found Bemum's Distillery.
  3046 | D:4      | Bought a potion of degeneration for 14 gold pieces
  3315 | D:4      | Found an ornate altar of the Wu Jian Council.
  3387 | D:5      | Reached XP level 8. HP: 79/79 MP: 7/7
  3496 | D:5      | Noticed Prince Ribbit
  3512 | D:5      | Killed Prince Ribbit
  4005 | D:5      | Reached skill level 6 in Unarmed Combat
  4034 | D:5      | Found a shimmering blue altar of Sif Muna.
  4198 | D:5      | Found a basalt altar of Yredelemnul.
  4268 | D:6      | Noticed a gargoyle
  4272 | D:6      | Killed a gargoyle
  4272 | D:6      | Reached skill level 5 in Fighting
  4272 | D:6      | Reached skill level 5 in Dodging
  4297 | D:6      | You fall into a shaft and drop 1 floor!
  4329 | D:7      | Found a staircase to the Ecumenical Temple.
  4339 | Temple   | Entered the Ecumenical Temple
  4493 | Temple   | Became a worshipper of Warmaster Okawaru
  4493 | Temple   | Reached * piety under Okawaru
  4493 | Temple   | Reached ** piety under Okawaru
  4617 | D:7      | Found a hide-covered altar of Uskayaw.
  4641 | D:6      | Reached XP level 9. HP: 81/88 MP: 5/8
  4680 | D:6      | Got a pair of scorched gloves
  4862 | D:6      | Reached skill level 1 in Invocations
  4885 | D:6      | Found a stormy altar of Qazlal.
  4988 | D:6      | Found Feulasch's Antique Weapon Shop.
  5237 | D:6      | Reached skill level 5 in Armour
  5343 | D:6      | Reached skill level 7 in Unarmed Combat
  5930 | D:7      | Reached *** piety under Okawaru
  6709 | D:8      | Reached **** piety under Okawaru
  6709 | D:8      | Reached XP level 10. HP: 64/98 MP: 6/11
  7685 | D:9      | Reached skill level 8 in Unarmed Combat
  8201 | D:9      | Found Lutisuam's Antique Armour Boutique.
  8209 | D:9      | Bought an embroidered scarf for 152 gold pieces
  8316 | D:9      | Found a burning altar of Makhleb.
  8444 | D:9      | Noticed a two-headed ogre
  8451 | D:9      | Killed a two-headed ogre
  8624 | D:10     | Entered Level 10 of the Dungeon
  8637 | D:10     | Noticed a two-headed ogre
  8770 | D:9      | Killed a two-headed ogre
  8770 | D:9      | Reached ***** piety under Okawaru
  9019 | D:10     | Found a staircase to the Lair.
  9105 | D:10     | Received a gift from Okawaru
  9106 | D:10     | Got a steaming tower shield {god gift}
  9112 | D:10     | Identified the +8 tower shield "Etyejuj" {Harm +Fly rF+
                  | SInv} (Okawaru gifted it to you on level 10 of the Dungeon)
  9336 | D:11     | Noticed a brown ugly thing
  9431 | D:11     | Killed a brown ugly thing
  9431 | D:11     | Reached XP level 11. HP: 50/109 MP: 6/13
  9434 | D:11     | Reached skill level 5 in Invocations
  9538 | Lair:1   | Entered Level 1 of the Lair of Beasts
  9578 | Lair:1   | HP: 8/163 [blink frog (1)]
  9581 | Lair:1   | HP: 3/163 [rime drake (1)]
  9589 | Lair:1   | Slain by a blink frog

Illustrated notes

Levels and vault maps discovered:
D:1:      dpeg_arrival_rooms_b, layout_basic
D:2:      layout_basic, elyvilon_altar_4, first_ration, grunt_ministairs_11
D:3:      layout_basic, lemuel_coloured_pillars_altar
D:4:      layout_rooms, nicolae_dithmenos_the_darkroom, kennysheep_little_box,
          serial_shops, shop, uniq_edmund
D:5:      layout_layer_cave, lemuel_round_altar, kennysheep_mini_moat,
          uniq_prince_ribbit1
D:6:      layout_layer_cave, lemuel_crystal_altar, serial_shops, shop
D:7:      layout_basic, lemuel_crystal_altar, temple_statues, kennysheep_doodads
D:8:      layout_loops_ring
D:9:      layout_loops_corners, lemuel_round_altar, serial_shops, shop_statue
D:10:     layout_cave_pools, lair_entry_dummy
D:11:     layout_irregular_city, serial_column_ruins, column_ruins_open_tiny,
          column_ruins_grid_2, column_ruins_columns_straight,
          column_ruins_grid_3, column_ruins_open_tiny, grunt_livestock,
          lemuel_mausoleum_altar_kikubaaqudgha
Temple:   oiseaux_autumnal_temple
Lair:1:   layout_concentric_octagons, uniq_maggie

Skill      XL: |  1  2  3  4  5  6  7  8  9 10 11 |
---------------+----------------------------------+-----
Armour         | 1 2 3 4 5 6 |  6.7
Fighting       | 3 4 5 6 7 |  7.3
Dodging        | 3 4 5 6 7 |  7.3
Unarmed Combat | 4 5 6 7 8 |  8.8
Invocations    | 3 4 5 |  5.1
Stealth        | |  1.0

Action                   |  1- 3 |  4- 6 |  7- 9 | 10-12 || total
-------------------------+-------+-------+-------+-------++-------
Melee: Unarmed           |    81 |   135 |   316 |   271 ||   803
       Punch             |     1 |     2 |    14 |    19 ||    36
Invok: Heroism           |       |       |       |     1 ||     1
  Use: Scroll            |       |     4 |     7 |     3 ||    14
       Potion            |       |     4 |     3 |     8 ||    15
 Stab: Sleeping          |     1 |     1 |       |       ||     2
  Eat: Chunk             |    17 |    11 |    39 |    24 ||    91
Armor: Robe              |    32 |    46 |   103 |    59 ||   240
       Troll leather arm |       |       |       |    44 ||    44
       Skin              |       |       |       |    28 ||    28
Dodge: Dodged            |    38 |    82 |   228 |   217 ||   565
